 Dungeon Crawl Stone Soup version 0.30-a0-738-g116ff8c4af (console) character file.

Game seed: 12504157454929044381

2286 vandraven the Carver (level 9, -13/72 HPs)
             Began as a Vampire Gladiator on Feb 3, 2023.
             Was a Follower of Okawaru.
             Killed from afar by a steam dragon (18 damage)
             ... with a ball of steam
             ... on level 6 of the Dungeon.
             The game lasted 00:13:45 (6080 turns).

vandraven the Carver (Vampire Gladiator)            Turns: 6080, Time: 00:13:45

Health: -13/72     AC:  9    Str: 13    XL:     9   Next: 17%
Magic:  9/9        EV: 10    Int: 11    God:    Okawaru [*.....]
Gold:   399        SH:  0    Dex: 19    Spells: 8/8 levels left

rFire   . . .      SeeInvis +    t - +4 great sword
rCold   . . .      Faith    .    (shield currently unavailable)
rNeg    . . .      Spirit   .    x - +0 scale mail
rPois   .          Reflect  .    c - +0 helmet
rElec   .          Harm     .    (no cloak)
rCorr   .          Rampage  .    k - +0 pair of gloves
Will    .....                    y - +0 pair of boots Stlth
                                 (no amulet)
HPRegen 0.52/turn                (no ring)
MPRegen 0.11/turn                (no ring)

@: healing quickly
A: alive, fangs 3, see invisible, vampiric 2
a: Exsanguinate, Renounce Religion, Heroism


You were on level 6 of the Dungeon.
You worshipped Okawaru.
Okawaru was aware of your devotion.
You visited 2 branches of the dungeon, and saw 7 of its levels.
You also visited: Sewer and Ossuary.

You collected 399 gold pieces.

Inventory:

Hand Weapons
 a - a +1 long sword
 i - a +1 dagger of venom
 t - a +4 great sword (weapon)
 G - a +0 arbalest of freezing
Missiles
 d - 3 throwing nets (quivered)
 e - a javelin
Armour
 b - a +0 leather armour
 c - a +0 helmet (worn)
 k - a +0 pair of gloves (worn)
 x - a +0 scale mail (worn)
 y - a +0 pair of boots (worn)
Jewellery
 u - a ring of positive energy
Wands
 z - a wand of mindburst (14)
Scrolls
 g - 2 scrolls of enchant weapon
 h - 2 scrolls of immolation
 j - a scroll of blinking
 n - 3 scrolls of teleportation
 p - 2 scrolls of enchant armour
 r - 2 scrolls of fear
 s - a scroll of fog
 A - a scroll of poison
 C - 2 scrolls of vulnerability {unknown}
 E - a scroll of identify
Potions
 f - 3 potions of curing
 l - a potion of berserk rage
 m - 6 potions of haste
 o - 2 potions of ambrosia
 q - 3 potions of lignification
 v - 5 potions of heal wounds
 w - 2 potions of invisibility {unknown}
 B - a potion of magic {unknown}
 D - 2 potions of mutation {unknown}
 F - a potion of flight {unknown}


   Skills:
 + Level 7.4 Fighting
 + Level 9.9 Long Blades
 - Level 1.5 Throwing
 - Level 3.2 Dodging


You had 8 spell levels left.
You didn't know any spells.
Your spell library contained the following spells:

 Spells                   Type           Power      Damage    Failure   Level
 Necrotise                Necr           0%         1d4       87%         1
 Cigotuvi's Dreadful Rot  Necr/Pois/Air  0%         N/A       95%         2
 Vampiric Draining        Necr           0%         2d6       99%         3
 Dispel Undead            Necr           0%         3d6       100%        4
 Manifold Assault         Tloc           0%         N/A       100%        4
 Agony                    Necr           0%         N/A       100%        5
 Dispersal                Tloc           0%         N/A       100%        6
 Disjunction              Tloc           0%         N/A       100%        8
 Death Channel            Necr           Unusable   N/A       N/A         6

Dungeon Overview and Level Annotations

Branches:
Dungeon (6/15)             Temple (1/1) D:5           Sewer (visited)
Ossuary (visited)

Altars:
Ashenzari
Cheibriados
Dithmenos
Gozag
Kikubaaqudgha
Nemelex Xobeh
Okawaru
Qazlal
Ru
Uskayaw
Vehumet
Xom
Yredelemnul


Innate Abilities, Weirdness & Mutations

Your natural rate of healing is accelerated.
You have razor-sharp teeth.
You have supernaturally acute eyesight. (SInv)
You are afflicted with vampirism and can become a bat while bloodless.


Message History

The steam dragon hisses angrily.
The steam dragon barely misses you. The steam dragon claws you.
You hit the steam dragon. Your bite misses the steam dragon.
The steam dragon is lightly wounded.
The steam dragon breathes steam at you. The ball of steam hits you!
You hit the steam dragon but do no damage.
The steam dragon is lightly wounded.
You are engulfed in a cloud of scalding steam.
The steam dragon closely misses you. The steam dragon barely misses you.
The steam dragon bites you but does no damage.
The steam dragon claws you but does no damage.
You barely miss the steam dragon.
The steam dragon is lightly wounded.
You are engulfed in a cloud of scalding steam.
The steam dragon bites you. The steam dragon claws you.
You slash the steam dragon!
The steam dragon is moderately wounded.
You are engulfed in a cloud of scalding steam.
The steam dragon bites you. The steam dragon claws you.
You barely miss the steam dragon.
The steam dragon is moderately wounded.
You are engulfed in a cloud of scalding steam.
The steam dragon bites you but does no damage.
The steam dragon barely misses you.
You slash the steam dragon!
The steam dragon is almost dead.
The steam dragon breathes steam at you. The ball of steam hits you!!
* * * LOW HITPOINT WARNING * * *
The steam dragon bites you.
* * * LOW HITPOINT WARNING * * *
The steam dragon claws you but does no damage.
You closely miss the steam dragon.
The steam dragon is almost dead.
You are engulfed in a cloud of scalding steam.
* * * LOW HITPOINT WARNING * * *
The steam dragon breathes steam at you. The ball of steam hits you!!
You die...

#..........#
#..........#
#..........#
#...........
##.......... #..........
##......... ##.........
#####..##......
##########.#.#...##.....
#.....D@§§.#.........###
..#######§......<.....##
............)....###
..................#.
.......###...........
...≈...##......>.#...
####≈................
≈≈#§≈.####......#... >
≈≈≈..##....#....... ⌠_
§§..#.............
≈§#...#.......#.....


You could see a steam dragon (catching breath).

Vanquished Creatures
  Prince Ribbit (D:5)
  A wraith (Ossuary)
  An ice beast (D:5)
  A black bear (D:6)
  2 ogres (D:5)
  A phantom (D:4)
  2 kobold brigands (Sewer)
  A scorpion (D:5)
  2 necrophages
  2 wights (D:4)
  3 killer bees (D:6)
  A bullfrog zombie (D:4)
  4 hounds
  3 jellies
  3 orc priests
  A human zombie (D:4)
  An iguana (D:4)
  3 orc wizards
  A scorpion zombie (D:4)
  2 hound zombies (D:4)
  3 mummies
  A howler monkey zombie (D:4)
  3 gnolls
  17 adders
  2 river rats (Sewer)
  An ufetubus (D:6)
  2 adder zombies (D:4)
  3 worms
  2 dart slugs
  23 orcs
  4 bats
  13 endoplasms
  3 giant cockroaches
  4 hobgoblins
  4 jackals (D:2)
  7 kobolds
  5 quokkas
  8 ball pythons
  3 frilled lizards
  7 gnoll skeletons (Ossuary)
  5 goblins
  7 kobold skeletons (Ossuary)
  11 orc skeletons (Ossuary)
  6 rats
180 creatures vanquished.

Vanquished Creatures (collateral kills)
  An iguana (D:5)
1 creature vanquished.

Vanquished Creatures (others)
  20 plants
20 creatures vanquished.

Grand Total: 201 creatures vanquished

Notes
Turn   | Place    | Note
-------+----------+-------------------------------------------
     0 | D:1      | vandraven the Vampire Gladiator began the quest for the
                  | Orb.
     0 | D:1      | Reached XP level 1. HP: 16/16 MP: 1/1
   268 | D:1      | Reached XP level 2. HP: 14/22 MP: 2/2
   478 | D:1      | Reached skill level 4 in Long Blades
   735 | D:1      | Gained mutation: You are afflicted with vampirism and can
                  | become a bat while bloodless. [Vampire growth]
   735 | D:1      | Reached XP level 3. HP: 27/27 MP: 3/3
  1491 | D:2      | Reached skill level 5 in Long Blades
  1491 | D:2      | Reached XP level 4. HP: 29/33 MP: 4/4
  2037 | D:3      | Reached XP level 5. HP: 22/38 MP: 5/5
  2155 | D:3      | Reached skill level 6 in Long Blades
  2893 | D:4      | Found a radiant altar of Vehumet.
  2923 | D:4      | Reached XP level 6. HP: 40/44 MP: 6/6
  2947 | D:4      | Reached skill level 7 in Long Blades
  2996 | D:4      | Found a sand-covered staircase.
  3006 | Ossuary  | Entered an ossuary
  3006 | Ossuary  | Noticed a wraith
  3006 | Ossuary  | Noticed a wraith
  3006 | Ossuary  | Noticed a wraith
  3158 | Ossuary  | Noticed a wraith
  3189 | Ossuary  | Killed a wraith
  3190 | Ossuary  | Reached skill level 8 in Long Blades
  3190 | Ossuary  | Reached XP level 7. HP: 50/50 MP: 7/7
  3773 | D:4      | Found an ancient bone altar of Kikubaaqudgha.
  3830 | D:4      | Reached skill level 5 in Fighting
  4032 | D:5      | Entered Level 5 of the Dungeon
  4066 | D:5      | Reached XP level 8. HP: 51/62 MP: 8/8
  4133 | D:5      | Noticed Prince Ribbit
  4143 | D:5      | Killed Prince Ribbit
  4656 | D:5      | Reached skill level 9 in Long Blades
  4731 | D:5      | Found a staircase to the Ecumenical Temple.
  4742 | Temple   | Entered the Ecumenical Temple
  4791 | Temple   | Became a worshipper of Warmaster Okawaru
  5496 | D:6      | Found a sacrificial altar of Ru.
  5514 | D:6      | Found a stormy altar of Qazlal.
  5602 | D:6      | Reached XP level 9. HP: 67/72 MP: 9/9
  5627 | D:6      | Found a glowing drain.
  5631 | Sewer    | Entered a sewer
  5775 | Sewer    | Reached * piety under Okawaru
  6080 | D:6      | Killed from afar by a steam dragon

Illustrated notes

Levels and vault maps discovered:
D:1:      tarquinn_simple_flora_water_b, layout_basic, hangedman_decor_points,
          minmay_split_cup_small
D:2:      layout_loops_ring, serial_bayou_pond_c
D:3:      layout_basic, nicolae_half_adder
D:4:      layout_loops_cross, mainiacjoe_overflow_small_starburst,
          lemuel_mausoleum_altar_kikubaaqudgha, gup_ossuary_entry_pyramid
D:5:      layout_loops_ring, nicolae_elyvilon_temple_path,
          minmay_temple_entry_nine_rooms, uniq_prince_ribbit1
D:6:      layout_cave_pools, nicolae_qazlal_general_emergency,
          nicolae_ru_path_of_blood, gup_sewer_entry_bowl
Temple:   eino_wide_crystal_templ

Skill      XL: |  1  2  3  4  5  6  7  8 |
---------------+-------------------------+-----
Long Blades    | 4 5 6 8 9 |  9.9
Fighting       | 2 5 7 |  7.4
Throwing       | |  1.5
Dodging        | |  3.2

Action                     |  1- 3 |  4- 6 |  7- 9 || total
---------------------------+-------+-------+-------++-------
  Melee: Long sword        |    20 |    78 |   112 ||   210
         Bite              |     9 |    22 |    41 ||    72
         Dagger            |    78 |   107 |       ||   185
         Punch             |       |     2 |     2 ||     4
         Great sword       |       |       |   189 ||   189
    Use: Scroll            |       |    11 |     6 ||    17
         Potion            |       |     1 |       ||     1
   Stab: Sleeping          |     2 |     3 |     1 ||     6
 Armour: Leather armour    |    23 |    56 |    50 ||   129
         Scale mail        |       |       |    59 ||    59
  Dodge: Dodged            |    69 |    94 |   174 ||   337

Table legend: (Time is in decaauts)
 A = Elapsed time spent in this place.
 B = Non-inter-level travel time spent in this place.
 C = Inter-level travel time spent in this place.
 D = Time resting spent in this place.
 E = Time spent auto-exploring this place.
 F = Levels seen in this place.
 G = Mean time per level.
                   A        B        C        D        E       F      G
               +--------+--------+--------+--------+--------+-----+--------+
         Total |   6201 |   5816 |    385 |    294 |   3812 |   9 |  689.0 |
       Dungeon |   5424 |   5056 |    368 |    242 |   3447 |   6 |  904.0 |
        Temple |     61 |     44 |     17 |      0 |     35 |   1 |   61.0 |
         Sewer |    383 |    383 |      0 |      0 |    223 |   1 |  383.0 |
       Ossuary |    331 |    331 |      0 |     52 |    106 |   1 |  331.0 |
               +--------+--------+--------+--------+--------+-----+--------+

Top non-repeatable levels by time:
     D:5: 1184 daAuts
     D:4: 996 daAuts
     D:1: 983 daAuts
     D:3: 975 daAuts
     D:2: 902 daAuts
   Sewer: 383 daAuts
     D:6: 381 daAuts
 Ossuary: 331 daAuts
  Temple: 61 daAuts
